TOP OF THE 1ST |
California Angels batting - Pitching for Minnesota Twins : RHP Phil Niekro
|
Pitching: RHP Phil Niekro
|
|
Batting: RHB Frank White
|
0-0: Ball 1-0: Called Strike 1-1: SINGLE (Groundball, 56D, EV 103.8 MPH) (infield hit)
|
Batting: LHB John Milner
|
0-0: Grounds into double play, 6-4-3 (Groundball, 6S, EV 88.1 MPH)
|
Batting: LHB Jason D Thompson
|
0-0: Called Strike 0-1: Ball 1-1: DOUBLE (Line Drive, 8LXD, EV 112.5 MPH)
|
Batting: LHB Ralph Garr
|
0-0: Foul Ball, location: 2F 0-1: Ball 1-1: Swinging Strike 1-2: Foul Ball, location: 2F 1-2: Ground out U3 (Groundball, 34S, EV 86.3 MPH)
|
Top of the 1st over - 0 runs, 2 hits, 0 errors, 1 left on base; California 0 - Minnesota 0 |
BOTTOM OF THE 1ST |
Minnesota Twins batting - Pitching for California Angels : RHP Rafael Jimenez
|
Pitching: RHP Rafael Jimenez
|
|
Batting: RHB Josh Lynn
|
0-0: Ball 1-0: Swinging Strike 1-1: Called Strike 1-2: Ball 2-2: Reached on error, E7 (Line Drive, 7, EV 89.4 MPH)
|
Batting: RHB Lee Lacy
|
0-0: Ball 1-0: Swinging Strike 1-1: Ball 2-1: Ball 3-1: Bunted foul 3-2: SINGLE (Groundball, 56D, EV 103.1 MPH) Josh Lynn to third Runner from 3rd tries for Home, SAFE, throw by LF to home
|
Batting: RHB Matt Cooper
|
0-0: Ball 1-0: Swinging Strike 1-1: Called Strike Lee Lacy steals 2nd base 1-2: Ball 2-2: Foul Ball, location: 2F 2-2: SINGLE (Groundball, 25, EV 83.8 MPH) (infield hit) Lee Lacy to third
|
Batting: RHB Randy Edwards
|
0-0: Ball 1-0: Foul Ball, location: 2F 1-1: Foul Ball, location: 2F 1-2: Foul Ball, location: 2F 1-2: Foul Ball, location: 2F 1-2: Fly out, F6 (Flyball, 56D, EV 75.0 MPH)
|
Batting: RHB Larry Hisle
|
0-0: Ball 1-0: Ball 2-0: Called Strike 2-1: Foul Ball, location: 2F 2-2: Ball 3-2: Fly out, F3 (Popup, 3F, EV 65.6 MPH)
|
Batting: RHB George Foster
|
0-0: Ball 1-0: Ball 2-0: Foul Ball, location: 2F 2-1: Ball 3-1: Called Strike 3-2: Fly out, F9 (Flyball, 9, EV 79.4 MPH)
|
Bottom of the 1st over - 1 run, 2 hits, 1 error, 2 left on base; California 0 - Minnesota 1 |
TOP OF THE 2ND |
California Angels batting - Pitching for Minnesota Twins : RHP Phil Niekro
|
Batting: RHB Jeff Atherton
|
0-0: Ground out 4-3 (Groundball, 34, EV 99.4 MPH)
|
Batting: SHB Ignacio Medina
|
0-0: Called Strike 0-1: Foul Ball, location: 2F 0-2: Ball 1-2: Foul Ball, location: 2F 1-2: Ball 2-2: Ground out 4-3 (Groundball, 4D, EV 102.5 MPH)
|
Batting: RHB Carlos Pimentel
|
0-0: Ball 1-0: Swinging Strike 1-1: Ball 2-1: Swinging Strike 2-2: Ball 3-2: Foul Ball, location: 2F 3-2: Foul Ball, location: 2F 3-2: DOUBLE (Line Drive, 7LM, EV 106.3 MPH)
|
Batting: RHB Mike Bishop
|
0-0: Ball 1-0: Called Strike 1-1: Ball 2-1: Ball 3-1: Base on Balls
|
Batting: RHB Rafael Ramirez
|
0-0: Ball 1-0: Ground out U3 (Groundball, 34S, EV 83.8 MPH)
|
Top of the 2nd over - 0 runs, 1 hit, 0 errors, 2 left on base; California 0 - Minnesota 1 |
BOTTOM OF THE 2ND |
Minnesota Twins batting - Pitching for California Angels : RHP Rafael Jimenez
|
Batting: RHB Chet Lemon
|
0-0: Fly out, F6 (Flyball, 56D, EV 87.5 MPH)
|
Batting: RHB Aurelio Rodriguez
|
0-0: Called Strike 0-1: Ball 1-1: Foul Ball, location: 2F 1-2: Strikes out swinging
|
Batting: LHB Ken Oberkfell
|
0-0: Ball 1-0: Ball 2-0: Swinging Strike 2-1: Ball 3-1: Swinging Strike 3-2: Foul Ball, location: 2F 3-2: Fly out, F6 (Flyball, 56D, EV 96.9 MPH)
|
Bottom of the 2nd over - 0 runs, 0 hits, 0 errors, 0 left on base; California 0 - Minnesota 1 |
TOP OF THE 3RD |
California Angels batting - Pitching for Minnesota Twins : RHP Phil Niekro
|
Batting: RHB Frank White
|
0-0: Ball 1-0: Called Strike 1-1: SINGLE (Groundball, 34D, EV 96.3 MPH)
|
Batting: LHB John Milner
|
0-0: Ball 1-0: Ball 2-0: Swinging Strike 2-1: Ball 3-1: Foul Ball, location: 2F 3-2: Reached on error, E6 (Groundball, 6D, EV 91.3 MPH) Frank White to third
|
Batting: LHB Jason D Thompson
|
0-0: Fly out, F9 (Flyball, 9LM, EV 81.3 MPH)
|
Batting: LHB Ralph Garr
|
0-0: Ball 1-0: Called Strike 1-1: Ball 2-1: Called Strike 2-2: 3-RUN HOME RUN (Flyball, 9LD, EV 91.3 MPH), Distance : 366 ft
|
Batting: RHB Jeff Atherton
|
0-0: Ball 1-0: Ball 2-0: SINGLE (Line Drive, 89S, EV 102.5 MPH)
|
Batting: SHB Ignacio Medina
|
0-0: Ball 1-0: Swinging Strike 1-1: Hit by Pitch Jeff Atherton to second
|
Batting: RHB Carlos Pimentel
|
0-0: Ball 1-0: Fielders Choice at 2nd, 6-4 (Groundball, 56D, EV 104.4 MPH) Jeff Atherton to third
|
Batting: RHB Mike Bishop
|
0-0: Fly out, F7 (Line Drive, 7, EV 96.3 MPH)
|
Top of the 3rd over - 3 runs, 3 hits, 1 error, 2 left on base; California 3 - Minnesota 1 |
BOTTOM OF THE 3RD |
Minnesota Twins batting - Pitching for California Angels : RHP Rafael Jimenez
|
Batting: RHB Josh Lynn
|
0-0: Called Strike 0-1: Ball 1-1: Ball 2-1: SINGLE (Line Drive, 7S, EV 86.3 MPH)
|
Batting: RHB Lee Lacy
|
0-0: Called Strike Josh Lynn steals 2nd base 0-1: Ball 1-1: Foul Ball, location: 2F 1-2: Ball 2-2: SINGLE (Groundball, 5D, EV 105.6 MPH) Josh Lynn to third Runner from 3rd tries for Home, SAFE, throw by LF to home
|
Batting: RHB Matt Cooper
|
0-0: Called Strike 0-1: Ball 1-1: Ball 2-1: Called Strike 2-2: Grounds into double play, 6-4-3 (Groundball, 6M, EV 102.5 MPH)
|
Batting: RHB Randy Edwards
|
0-0: Called Strike 0-1: Ball 1-1: Fly out, F8 (Line Drive, 8RD, EV 90.0 MPH)
|
Bottom of the 3rd over - 1 run, 2 hits, 0 errors, 0 left on base; California 3 - Minnesota 2 |
TOP OF THE 4TH |
California Angels batting - Pitching for Minnesota Twins : RHP Phil Niekro
|
Batting: RHB Rafael Ramirez
|
0-0: Foul Ball, location: 2F 0-1: Called Strike 0-2: Fly out, F9 (Flyball, 9LS, EV 87.5 MPH)
|
Batting: RHB Frank White
|
0-0: Called Strike 0-1: Foul Ball, location: 2F 0-2: Foul Ball, location: 2F 0-2: Foul Ball, location: 2F 0-2: Ground out 4-3 (Groundball, 4, EV 109.4 MPH)
|
Batting: LHB John Milner
|
0-0: Foul Ball, location: 2F 0-1: Foul Ball, location: 2F 0-2: Ball 1-2: Strikes out looking
|
Top of the 4th over - 0 runs, 0 hits, 0 errors, 0 left on base; California 3 - Minnesota 2 |
BOTTOM OF THE 4TH |
Minnesota Twins batting - Pitching for California Angels : RHP Rafael Jimenez
|
Batting: RHB Larry Hisle
|
0-0: TRIPLE (Line Drive, 89XD, EV 106.9 MPH)
|
Batting: RHB George Foster
|
0-0: Swinging Strike 0-1: Ball 1-1: Fly out, F9 (Flyball, 9LS, EV 88.1 MPH)
|
Batting: RHB Chet Lemon
|
0-0: Fly out, F6 (Flyball, 6D, EV 89.4 MPH)
|
Batting: RHB Aurelio Rodriguez
|
0-0: Ball 1-0: Foul Ball, location: 2F 1-1: Foul Ball, location: 2F 1-2: Foul Ball, location: 2F 1-2: Strikes out looking and he ARGUES THE CALL AND IS TOSSED!
|
Bottom of the 4th over - 0 runs, 1 hit, 0 errors, 1 left on base; California 3 - Minnesota 2 |
TOP OF THE 5TH |
California Angels batting - Pitching for Minnesota Twins : RHP Phil Niekro
|
Now at 2B: Taylor Duncan
|
|
Batting: LHB Jason D Thompson
|
0-0: Ball 1-0: Foul Ball, location: 2F 1-1: Ball 2-1: Foul Ball, location: 2F 2-2: Foul Ball, location: 2F 2-2: Ground out 4-3 (Groundball, 34, EV 105.6 MPH)
|
Batting: LHB Ralph Garr
|
0-0: Called Strike 0-1: Ball 1-1: Ball 2-1: Foul Ball, location: 2F 2-2: Ground out U3 (Groundball, 34S, EV 85.6 MPH)
|
Batting: RHB Jeff Atherton
|
0-0: Foul Ball, location: 2F 0-1: Ball 1-1: Foul Ball, location: 2F 1-2: Ball 2-2: Foul Ball, location: 2F 2-2: Ground out 6-3 (Groundball, 6D, EV 82.5 MPH)
|
Top of the 5th over - 0 runs, 0 hits, 0 errors, 0 left on base; California 3 - Minnesota 2 |
BOTTOM OF THE 5TH |
Minnesota Twins batting - Pitching for California Angels : RHP Rafael Jimenez
|
Batting: LHB Ken Oberkfell
|
0-0: Called Strike 0-1: Ball 1-1: SINGLE (Groundball, 4MD, EV 103.1 MPH)
|
Batting: RHB Josh Lynn
|
0-0: Sac Bunt to 15S - play at first, batter OUT! 1-3 Ken Oberkfell to second
|
Batting: RHB Lee Lacy
|
0-0: Fly out, F3 (Popup, 23F, EV 83.8 MPH)
|
Batting: RHB Matt Cooper
|
0-0: Foul Ball, location: 2F 0-1: Foul Ball, location: 2F 0-2: Fly out, F5 (Line Drive, 5, EV 70.6 MPH)
|
Bottom of the 5th over - 0 runs, 1 hit, 0 errors, 1 left on base; California 3 - Minnesota 2 |
TOP OF THE 6TH |
California Angels batting - Pitching for Minnesota Twins : RHP Phil Niekro
|
Batting: SHB Ignacio Medina
|
0-0: Called Strike 0-1: Hit by Pitch
|
Batting: RHB Carlos Pimentel
|
0-0: Called Strike 0-1: Ball 1-1: Swinging Strike 1-2: Ground out 6-3 (Groundball, P, EV 83.8 MPH) Ignacio Medina to second
|
Batting: RHB Mike Bishop
|
0-0: Called Strike 0-1: Ball 1-1: Ball 2-1: Fly out, F4 (Popup, 34, EV 65.0 MPH)
|
Batting: RHB Rafael Ramirez
|
0-0: Called Strike 0-1: Ball 1-1: Foul Ball, location: 2F 1-2: Ball 2-2: Ground out U3 (Groundball, 34, EV 105.6 MPH)
|
Top of the 6th over - 0 runs, 0 hits, 0 errors, 1 left on base; California 3 - Minnesota 2 |
BOTTOM OF THE 6TH |
Minnesota Twins batting - Pitching for California Angels : RHP Rafael Jimenez
|
Batting: RHB Randy Edwards
|
0-0: Foul Ball, location: 2F 0-1: Ball 1-1: Ground out 6-3 (Groundball, 6, EV 101.3 MPH)
|
Batting: RHB Larry Hisle
|
0-0: SINGLE (Line Drive, 8RS, EV 94.4 MPH)
|
Batting: RHB George Foster
|
0-0: Ball 1-0: Swinging Strike 1-1: Ball 2-1: Fly out, F9 (Flyball, 9LM, EV 74.4 MPH)
|
Batting: RHB Chet Lemon
|
0-0: Foul Ball, location: 2F 0-1: Called Strike 0-2: Ball Wild Pitch! Larry Hisle to second 1-2: Strikes out swinging
|
Bottom of the 6th over - 0 runs, 1 hit, 0 errors, 1 left on base; California 3 - Minnesota 2 |
TOP OF THE 7TH |
California Angels batting - Pitching for Minnesota Twins : RHP Phil Niekro
|
Pitching: RHP Fred Breining
|
|
Batting: RHB Frank White
|
0-0: Ball 1-0: Called Strike 1-1: Swinging Strike 1-2: Ball 2-2: Strikes out swinging
|
Batting: LHB John Milner
|
0-0: Called Strike 0-1: Ball 1-1: Ball 2-1: Foul Ball, location: 2F 2-2: Ball 3-2: SINGLE (Line Drive, 7S, EV 100.0 MPH)
|
Batting: LHB Jason D Thompson
|
0-0: Called Strike 0-1: Foul Ball, location: 2F 0-2: Ball 1-2: Ball 2-2: Strikes out swinging
|
Batting: LHB Ralph Garr
|
0-0: Ball 1-0: Ball 2-0: Called Strike 2-1: Ground out U3 (Groundball, 3S, EV 66.3 MPH)
|
Top of the 7th over - 0 runs, 1 hit, 0 errors, 1 left on base; California 3 - Minnesota 2 |
BOTTOM OF THE 7TH |
Minnesota Twins batting - Pitching for California Angels : RHP Rafael Jimenez
|
Batting: RHB Taylor Duncan
|
0-0: Ball 1-0: Foul Ball, location: 2F 1-1: Swinging Strike 1-2: Ball 2-2: Foul Ball, location: 2F 2-2: Foul Ball, location: 2F 2-2: Strikes out looking
|
Batting: LHB Ken Oberkfell
|
0-0: Ground out 4-3 (Groundball, 4, EV 81.3 MPH)
|
Batting: RHB Josh Lynn
|
0-0: Called Strike 0-1: Foul Ball, location: 2F 0-2: Foul Ball, location: 2F 0-2: Fly out, F8 (Flyball, 8LM, EV 93.1 MPH)
|
Bottom of the 7th over - 0 runs, 0 hits, 0 errors, 0 left on base; California 3 - Minnesota 2 |
TOP OF THE 8TH |
California Angels batting - Pitching for Minnesota Twins : RHP Fred Breining
|
Batting: RHB Jeff Atherton
|
0-0: Foul Ball, location: 2F 0-1: Ball 1-1: Ground out U3 (Groundball, 3, EV 91.9 MPH)
|
Batting: SHB Ignacio Medina
|
0-0: Ball 1-0: Ball 2-0: Swinging Strike 2-1: Fly out, F8 (Line Drive, 8RD, EV 105.6 MPH)
|
Batting: RHB Carlos Pimentel
|
0-0: Called Strike 0-1: Foul Ball, location: 2F 0-2: SINGLE (Groundball, 56D, EV 107.5 MPH)
|
Batting: RHB Mike Bishop
|
0-0: Ball Carlos Pimentel is caught stealing 2nd base 2-4
|
Top of the 8th over - 0 runs, 1 hit, 0 errors, 0 left on base; California 3 - Minnesota 2 |
BOTTOM OF THE 8TH |
Minnesota Twins batting - Pitching for California Angels : RHP Rafael Jimenez
|
Batting: RHB Lee Lacy
|
0-0: Ball 1-0: Foul Ball, location: 2F 1-1: SINGLE (Groundball, 6MD, EV 96.9 MPH)
|
Batting: RHB Matt Cooper
|
0-0: Called Strike 0-1: Ball 1-1: Fly out, F8 (Line Drive, 8LD, EV 91.9 MPH)
|
Pitching: LHP Bob McClure
|
|
Batting: RHB Randy Edwards
|
0-0: Called Strike 0-1: Fly out, F8 (Flyball, 89D, EV 100.6 MPH)
|
Pitching: RHP Jerry Reed
|
|
Batting: RHB Larry Hisle
|
0-0: Ball 1-0: Ground out 4-3 (Groundball, 34S, EV 88.1 MPH)
|
Bottom of the 8th over - 0 runs, 1 hit, 0 errors, 1 left on base; California 3 - Minnesota 2 |
TOP OF THE 9TH |
California Angels batting - Pitching for Minnesota Twins : RHP Fred Breining
|
Batting: RHB Mike Bishop
|
0-0: Ball 1-0: Swinging Strike 1-1: Fly out, F9 (Flyball, 9, EV 86.3 MPH)
|
Batting: RHB Rafael Ramirez
|
0-0: Ball 1-0: Fly out, F8 (Flyball, 8RD, EV 94.4 MPH)
|
Batting: RHB Frank White
|
0-0: Called Strike 0-1: Called Strike 0-2: Strikes out swinging
|
Top of the 9th over - 0 runs, 0 hits, 0 errors, 0 left on base; California 3 - Minnesota 2 |
BOTTOM OF THE 9TH |
Minnesota Twins batting - Pitching for California Angels : RHP Jerry Reed
|
Batting: RHB George Foster
|
0-0: Swinging Strike 0-1: Foul Ball, location: 2F 0-2: Ball 1-2: Fly out, F9 (Flyball, 9LM, EV 85.6 MPH)
|
Batting: RHB Chet Lemon
|
0-0: Ball 1-0: Ball 2-0: Called Strike 2-1: Fly out, F5 (Popup, 5SF, EV 64.4 MPH)
|
Pinch Hitting: SHB Jerry Mumphrey
|
0-0: Ball 1-0: Called Strike 1-1: Ball 2-1: Foul Ball, location: 2F 2-2: Strikes out swinging
|
Bottom of the 9th over - 0 runs, 0 hits, 0 errors, 0 left on base; California 3 - Minnesota 2 |
|